 Dungeon Crawl Stone Soup version 0.17-a0-755-g4391640 (webtiles) character file.

91 panicbit the Skirmisher (level 4, -1/41 HPs)
             Began as a Minotaur Fighter on Apr 22, 2015.
             Succumbed to kobold's curare-tipped needle
             ... on level 3 of the Dungeon.
             The game lasted 00:07:56 (1750 turns).

panicbit the Skirmisher (Minotaur Fighter)          Turns: 1750, Time: 00:07:56

Health: -1/41      AC: 10    Str: 23      XL:     4   Next: 34%
Magic:  3/3        EV:  9    Int:  3 (5)  God:
Gold:   56         SH:  9    Dex: 10      Spells: 0 memorised, 3 levels left

rFire  . . .     SeeInvis .     a - +0 war axe
rCold  . . .     Clarity  .     f - +0 chain mail
rNeg   . . .     SustAb   +     c - +0 shield
rPois  .         Gourm    .     (helmet unavailable)
rElec  .         Spirit   .     (no cloak)
rCorr  .         Warding  .     l - +0 pair of gloves
rMut   .         Stasis   .     (no boots)
MR     .....                    (no amulet)
Stlth  ..........               t - +3 ring of evasion
                                s - ring of sustain abilities

@: lethally poisoned (-1 -> -14), slowed, very slow, not resistant to hostile
enchantments, extremely unstealthy
A: retaliatory headbutt, horns 3, strong 1
a: no special abilities


You were on level 3 of the Dungeon.
You were not hungry.

You visited 1 branch of the dungeon, and saw 3 of its levels.

You collected 56 gold pieces.

Inventory:

Hand weapons
 a - a +0 war axe (weapon)
Armour
 b - a +0 scale mail
 c - a +0 shield (worn)
 f - a +0 chain mail (worn)
 l - a +0 pair of gloves (worn)
Jewellery
 s - a ring of sustain abilities (left hand)
 t - a +3 ring of evasion (right hand)
 u - a +1 ring of protection {unknown}
Scrolls
 h - 2 scrolls of remove curse {unknown}
 i - 3 scrolls of enchant weapon {unknown}
 k - a scroll of magic mapping {unknown}
 m - a scroll of blinking {unknown}
 n - 2 scrolls of enchant armour {unknown}
 o - 5 scrolls of identify {unknown}
 q - a scroll of noise {unknown}
 v - a scroll of teleportation {unknown}
Potions
 d - a potion of might
 g - 2 potions of mutation
 p - a potion of degeneration
Comestibles
 e - a bread ration
 j - a meat ration
 r - a royal jelly


   Skills:
 + Level 4.6 Fighting
 + Level 3.5 Axes
 + Level 4.2 Armour
 + Level 0.4 Dodging
 + Level 4.2 Shields


You had 3 spell levels left.
You didn't know any spells.

Dungeon Overview and Level Annotations

Branches:
Dungeon (3/15)

Altars:
Qazlal
Vehumet


Innate Abilities, Weirdness & Mutations

You reflexively headbutt those who attack you in melee.
You have a pair of large horns on your head.
Your muscles are strong. (Str +2)


Message History

* * * LOW HITPOINT WARNING * * *
The kobold hits you but does no damage.
Drink which item? (? for menu, Esc to quit)
You can't drink that!
Drink which item? (? for menu, Esc to quit)
It was a potion of degeneration.
There was something very wrong with that liquid.
You feel somewhat dopey.
* * * LOW HITPOINT WARNING * * *
You feel sick. You block the kobold's attack.
Drink which item? (? for menu, Esc to quit)
You can't drink that!
Drink which item? (? for menu, Esc to quit)
It was a potion of mutation.
You feel extremely strange.
You feel stronger. The horns on your head grow some more.
* * * LOW HITPOINT WARNING * * *
You feel sick. You block the kobold's attack.
The kobold hits you but does no damage.
You closely miss the kobold.
You die...

########### #.........#
#.........# #.K@......#
#...(.....# #.........#
#....>(...# #......(..#
#.........#
#..)......#######
#...............#
######################.#


You could see a kobold.

Vanquished Creatures
  2 adders (D:2)
  An ooze (D:1)
  A worm (D:1)
  A ball python (D:1)
  4 giant cockroaches
  8 goblins
  8 hobgoblins
  7 jackals (D:2)
  2 quokkas (D:2)
  8 bats
  4 giant newts
  9 kobolds
  5 rats
60 creatures vanquished.

Notes
Turn   | Place    | Note
--------------------------------------------------------------
     0 | D:1      | panicbit, the Minotaur Fighter, began the quest for the Orb.
     0 | D:1      | Reached XP level 1. HP: 19/19 MP: 0/0
   166 | D:1      | Reached XP level 2. HP: 25/27 MP: 1/1
   250 | D:1      | Reached skill level 4 in Fighting
   548 | D:1      | Reached XP level 3. HP: 31/33 MP: 2/2
  1103 | D:2      | Found a radiant altar of Vehumet.
  1162 | D:2      | Found a stormy altar of Qazlal.
  1215 | D:2      | Reached XP level 4. HP: 37/41 MP: 3/3
  1749 | D:3      | Gained mutation: Your muscles are strong. (Str +2) [potion of mutation]
  1749 | D:3      | Gained mutation: You have a pair of large horns on your head. [potion of mutation]
  1749 | D:3      | HP: 2/41 [poisoned by kobold (curare-tipped needle)]
  1750 | D:3      | Succumbed to kobold's curare-tipped needle

Action                   |  1- 3 |  4- 6 || total
-------------------------+-------+-------++-------
Melee: War axe           |    89 |    39 ||   128
  Use: Potion            |       |     2 ||     2
  Eat: Chunk             |     1 |     2 ||     3
